 Dungeon Crawl Stone Soup version 0.21-a0-528-gf531e82 (webtiles) character file.

35 empire the Magician (level 3, 0/31 HPs)
             Began as a Gnoll Wanderer on Dec 8, 2017.
             Slain by a kobold
             ... wielding a +4 short sword of draining
              (5 damage)
             ... on level 1 of the Dungeon.
             The game lasted 00:02:23 (972 turns).

empire the Magician (Gnoll Wanderer)                 Turns: 972, Time: 00:02:23

Health: 0/31       AC:  2    Str: 10    XL:     3   Next: 33%
Magic:  7/9        EV: 12    Int: 16    God:
Gold:   49         SH:  0    Dex: 17    Spells: 11/12 levels left

rFire    . . .     SeeInvis .   b - +0 short sword
rCold    . . .     Gourm    .   (no shield)
rNeg     . . .     Faith    .   d - +0 robe
rPois    .         Spirit   .   (no helmet)
rElec    .         Reflect  .   (no cloak)
rCorr    .         Harm     .   (no gloves)
MR       .....                  (no boots)
Stlth    ++........             (no amulet)
HPRegen  0.10/turn              (no ring)
MPRegen  0.11/turn              (no ring)

@: heavily drained
A: distributed training, fangs 1, strong nose
a: no special abilities


You were on level 1 of the Dungeon.
You were not hungry.

You visited 1 branch of the dungeon, and saw 1 of its levels.

You collected 49 gold pieces.

Inventory:

Hand Weapons
 a - a +0 dagger
 b - a +0 short sword (weapon)
 g - a +0 mace
Missiles
 h - 18 bolts
 j - 18 poisoned needles
Armour
 d - a +0 robe (worn)
 n - a +0 ring mail
Scrolls
 k - a scroll of identify {unknown}
 l - a scroll of remove curse {unknown}
 o - 2 scrolls of noise {unknown}
Potions
 m - a potion of flight {unknown}
Books
 c - the Volume of the Volcanoes

   Spells                             Type                      Level
   a - Flame Tongue                   Conjuration/Fire             1
   b - Inner Flame                    Hexes/Fire                   3
 e - a book of Flames

   Spells                             Type                      Level
   a - Flame Tongue                   Conjuration/Fire             1
   b - Throw Flame                    Conjuration/Fire             2
   c - Conjure Flame                  Conjuration/Fire             3
   d - Inner Flame                    Hexes/Fire                   3
   e - Sticky Flame                   Conjuration/Fire             4
   f - Fireball                       Conjuration/Fire             5
Comestibles
 f - 2 bread rations
 i - a chunk of flesh


   Skills:
 + Level 4.5(3.1) Fighting
 + Level 0.7(0.0) Short Blades
 + Level 0.7(0.0) Long Blades
 + Level 0.7(0.0) Axes
 + Level 0.7(0.0) Maces & Flails
 + Level 0.7(0.0) Polearms
 + Level 0.7(0.0) Staves
 + Level 0.7(0.0) Slings
 + Level 0.7(0.0) Bows
 + Level 0.7(0.0) Crossbows
 + Level 0.7(0.0) Throwing
 + Level 0.7(0.0) Armour
 + Level 2.6(1.2) Dodging
 + Level 2.3(1.0) Stealth
 + Level 2.6(1.2) Shields
 + Level 0.7(0.0) Unarmed Combat
 + Level 5.0(3.6) Spellcasting
 + Level 0.5(0.0) Conjurations
 + Level 0.5(0.0) Hexes
 + Level 0.5(0.0) Charms
 + Level 0.5(0.0) Summonings
 + Level 0.5(0.0) Necromancy
 + Level 0.5(0.0) Translocations
 + Level 0.5(0.0) Transmutations
 + Level 3.7(2.4) Fire Magic
 + Level 2.1(0.8) Ice Magic
 + Level 0.5(0.0) Air Magic
 + Level 0.5(0.0) Earth Magic
 + Level 0.5(0.0) Poison Magic
 + Level 0.9(0.0) Invocations
 + Level 0.7(0.0) Evocations


You had 11 spell levels left.
You knew the following spells:

 Your Spells              Type           Power        Failure   Level  Hunger
a - Flame Tongue          Conj/Fire      #....        11%         1    None


Dungeon Overview and Level Annotations

Branches:
Dungeon (1/15)

Altars:


Innate Abilities, Weirdness & Mutations

Your experience applies equally to all skills.
You have very sharp teeth.
Your uncanny sense of smell can sniff out nearby items.


Message History

You feel drained.
* * * LOW HITPOINT WARNING * * *
The kobold hits you with a short sword of draining.
* * * LOW HITPOINT WARNING * * *
You feel drained.
Casting: Flame Tongue
Confirm with . or Enter, or press ? or * to list all spells.
Aiming: Flame Tongue
Press: ? - help, Shift-Dir - straight line, f - kobold
Aim: a kobold, wielding a short sword of draining The flame tongue misses the kobold.
The kobold closely misses you.
Casting: Flame Tongue
Confirm with . or Enter, or press ? or * to list all spells.
Aiming: Flame Tongue
Press: ? - help, Shift-Dir - straight line, f/p - kobold
Aim: a kobold, wielding a short sword of draining The flame tongue hits the kobold.
The kobold is heavily wounded.
The kobold hits you with a short sword of draining.
You die...

.................................
##.##.#.######.##........#####.#.
##.#..#..........................
##.#.#########.##>.........##....
.................................
##.########.##.#...####.#..##....
##.##.....#.##.#...# #.#..# ...
##.##.###.#.##.#...# #.#........
..........#....#@..# #.#.###..
.#.##.##########K..# #.#.......
.#.##.................#.#..... .
.#.#############...##.#...... #.
.#.####### #...##.#.#...##.#.
.#....รท..# #########.#....... #.
.#######.# ................##.##
.# #.# ................##... .#
#.# .................#.##


You could see a kobold.

Vanquished Creatures
  2 oozes (D:1)
  A dart slug (D:1)
  A giant cockroach (D:1)
  3 goblins (D:1)
  2 hobgoblins (D:1)
  3 jackals (D:1)
  2 kobolds (D:1)
  4 bats (D:1)
  A frilled lizard (D:1)
  5 rats (D:1)
24 creatures vanquished.

Notes
Turn   | Place    | Note
-------+----------+-------------------------------------------
     0 | D:1      | empire the Gnoll Wanderer began the quest for the Orb.
     0 | D:1      | empire set off with: a book of Flames, a +0 short sword, the Volume of the Volcanoes, a +0 robe, a bread ration
     0 | D:1      | Reached XP level 1. HP: 20/20 MP: 6/6
     0 | D:1      | Identified the Volume of the Volcanoes
     2 | D:1      | Learned a level 1 spell: Flame Tongue
   197 | D:1      | Reached XP level 2. HP: 20/26 MP: 7/7
   649 | D:1      | Reached skill level 5 in Spellcasting
   649 | D:1      | Reached XP level 3. HP: 20/31 MP: 7/9
   972 | D:1      | Slain by a kobold

Vault maps used:
D:1:      minmay_arrival_up_and_down

Skill      XL: |  1  2 |
---------------+-------+-----
Ice Magic      | 2 |  2.1
Spellcasting   | 5 |  5.0
Fighting       | |  4.5
Short Blades   | |  0.7
Long Blades    | |  0.7
Axes           | |  0.7
Maces & Flails | |  0.7
Polearms       | |  0.7
Staves         | |  0.7
Slings         | |  0.7
Bows           | |  0.7
Crossbows      | |  0.7
Throwing       | |  0.7
Armour         | |  0.7
Dodging        | |  2.6
Stealth        | |  2.3
Shields        | |  2.6
Unarmed Combat | |  0.7
Conjurations   | |  0.5
Hexes          | |  0.5
Charms         | |  0.5
Summonings     | |  0.5
Necromancy     | |  0.5
Translocations | |  0.5
Transmutations | |  0.5
Fire Magic     | |  3.7
Air Magic      | |  0.5
Earth Magic    | |  0.5
Poison Magic   | |  0.5
Invocations    | |  0.9
Evocations     | |  0.7

Action                   || total
-------------------------++-------
Melee: Short sword       ||    70
       Bite              ||     5
 Cast: Flame Tongue      ||    10
 Stab: Sleeping          ||     4
Armor: Robe              ||    17
Dodge: Dodged            ||    60

Table legend:
 A = Spawn XP
 B = Non-spawn XP
 C = Spawn XP percentage of total XP
 D = Spawn monster count
 E = Non-spawn monster count
 F = Spawn count percentage of total count
 G = Total turns spent on level
                    A         B        C        D         E        F      G
               +---------+---------+-------+---------+---------+-------+---------
         Total |       0 |      50 |   0.0 |       0 |      24 |   0.0 |   972
               +---------+---------+-------+---------+---------+-------+---------
           D:1 |       0 |      50 |   0.0 |       0 |      24 |   0.0 |   972
               +---------+---------+-------+---------+---------+-------+---------
